 Dungeon Crawl Stone Soup version 0.17.1-3-g152610e (webtiles) character file.

1015 Jerry the Conjurer (level 8, -8/57 HPs)
             Began as a Mottled Draconian Air Elementalist on Mar 29, 2016.
             Mangled by an ice beast (9 damage)
             ... on level 6 of the Dungeon.
             The game lasted 00:30:36 (5700 turns).

Jerry the Conjurer (DrAE)                           Turns: 5700, Time: 00:30:36

Health: -8/57      AC: 11    Str: 10    XL:     8   Next: 1%
Magic:  11/11      EV: 13    Int: 18    God:
Gold:   301        SH:  0    Dex: 15    Spells: 2 memorised, 8 levels left

rFire  . . .     SeeInvis .     v - +2 spear (chaos)
rCold  . . .     Clarity  .     (armour unavailable)
rNeg   . . .     SustAt   .     (no shield)
rPois  .         Gourm    .     (helmet restricted)
rElec  .         Spirit   .     w - +2 cloak
rCorr  .         Warding  .     (no gloves)
rMut   .         Stasis   .     l - +1 pair of boots
MR     +....                    (no amulet)
Stlth  ++........               m - +3 ring of dexterity
                                r - ring of protection from magic

@: slowed, very slow, somewhat resistant to hostile enchantments, unstealthy
A: breathe sticky flame splash, unfitting armour, cold-blooded, AC +6
a: Breathe Sticky Flame


You were on level 6 of the Dungeon.
You were not hungry.

You visited 1 branch of the dungeon, and saw 6 of its levels.

You collected 301 gold pieces.

Inventory:

Hand Weapons
 v - a +2 spear of chaos (weapon)
Armour
 l - a +1 pair of boots (worn)
 q - a +2 shield
 w - a +2 cloak (worn)
Jewellery
 m - a +3 ring of dexterity (right hand)
 r - a ring of protection from magic (left hand)
 y - an uncursed ring of ice
 B - an uncursed ring of protection from fire
Wands
 c - a wand of frost (41)
Scrolls
 e - 4 scrolls of teleportation
 f - a scroll of blinking
 g - a scroll of magic mapping
 j - 6 scrolls of identify
 k - 2 scrolls of fear
 n - a scroll of noise
 s - 2 scrolls of fog
 t - a scroll of remove curse
Potions
 h - a potion of cancellation
 o - a potion of curing
 z - a potion of ambrosia
 C - 3 potions of lignification
Books
 a - a book of Air

   Spells                             Type                      Level
   a - Shock                          Conjuration/Air              1
   b - Swiftness                      Charms/Air                   2
   c - Repel Missiles                 Charms/Air                   2
   d - Static Discharge               Conjuration/Air              3
   e - Lightning Bolt                 Conjuration/Air              5
 x - a book of the Warp

   Spells                             Type                      Level
   a - Recall                         Summoning/Translocation      3
   b - Gell's Gravitas                Hexes/Translocation          3
   c - Force Lance                    Conjuration/Translocation    4
   d - Phase Shift                    Translocation                5
   e - Warp Weapon                    Charms/Translocation         5
   f - Summon Forest                  Summoning/Translocation      5
Comestibles
 b - 2 bread rations
 i - a meat ration
 A - 4 fruits


   Skills:
 - Level 3.0 Dodging
 - Level 1.7 Stealth
 - Level 2.0 Spellcasting
 + Level 6.6 Conjurations
 + Level 6.6 Air Magic


You had 8 spell levels left.
You knew the following spells:

 Your Spells              Type           Power        Failure   Level  Hunger
a - Shock                 Conj/Air       ####         1%          1    #......
b - Swiftness             Chrm/Air       ##......     10%         2    ###....


Dungeon Overview and Level Annotations

Branches:
Dungeon (6/15)
 Temple: D:4-7

Altars:
Fedhas
Makhleb
Nemelex Xobeh
Okawaru
Trog
Xom


Innate Abilities, Weirdness & Mutations

You can spit globs of burning liquid.
You can ignite nearby creatures when you spit burning liquid.
Your weird mottled scales are hard (AC +6).
Your body does not fit into most forms of armour.
You are cold-blooded and may be slowed by cold attacks.


Message History

You completely miss the ice beast.
The ice beast is lightly wounded.
The ice beast hits you but does no damage.
A crimson imp comes into view.
You closely miss the ice beast.
The ice beast is lightly wounded.
You feel yourself speed up.
The crimson imp shouts!
The ice beast hits you but does no damage.
The ice beast barely misses you.
You barely miss the ice beast.
The ice beast is lightly wounded.
The ice beast hits you but does no damage.
The crimson imp blinks!
You hit the ice beast. You drain the ice beast!
The ice beast is moderately wounded.
The ice beast hits you.
* * * LOW HITPOINT WARNING * * *
The ice beast freezes you!
You feel yourself slow down.
You die...

******,*,#######.# *,* *,*
*,*, ,,,***,*,*** #.# *,*
*,* *,*, *,,,**,,,,,*####.#
*,* *,* #.*,
,***,*,.,,,*#....# *,* *,*
#.*, ,* *,,,...,##.##.# *,*
*,* #.*, ,***,*,....#...#.#
*,* *,* #<*,
*,,,**,....ยง.#...## *,* *,*
#.**
**,***,**#.#...##.###.##**,*
#.** **,*
*,**#,##.#.@Y......,,,*##.##
,,,*
*,,........#.###.##****#..<#
**,* ***#####....## *,*
##.## *,* #.#.##* *,* #.**
*,* #....,* *,* #.** *,*
###.#,* *,*******#.** **,*
#.#,* *,,>,,,,,..,,
,,,***********#.#,*
*********#.**
,,,,,,,,,,,,,,,,,,* #.*


You could see an ice beast.

Vanquished Creatures
  The ghost of Gargoyl the Skirmisher, an amateur DsAK of Lugonu (D:3)
  An ogre (D:4)
  A phantom (D:4)
  A scorpion (D:4)
  A giant frog zombie (D:5)
  A crimson imp (D:5)
  8 orc wizards
  2 centaur skeletons
  An orc priest (D:5)
  A giant frog skeleton (D:5)
  2 worker ants
  8 gnolls
  8 adders
  A shadow imp (D:3)
  2 oozes
  A worm (D:3)
  An adder skeleton (D:5)
  4 giant geckos
  13 orcs
  8 goblins
  6 hobgoblins
  12 kobolds
  A quokka (D:6)
  A ball python (D:2)
  3 bats
  6 giant cockroaches
  7 giant newts
  7 jackals
  A quokka skeleton (D:4)
  7 rats
117 creatures vanquished.

Notes
Turn   | Place    | Note
--------------------------------------------------------------
     0 | D:1      | Jerry the Draconian Air Elementalist began the quest for the Orb.
     0 | D:1      | Reached XP level 1. HP: 14/14 MP: 3/3
   262 | D:1      | Reached XP level 2. HP: 17/20 MP: 0/5
  1047 | D:2      | Reached skill level 4 in Air Magic
  1052 | D:2      | Reached XP level 3. HP: 24/26 MP: 0/6
  1258 | D:2      | Found a faded altar to an unknown god.
  1486 | D:2      | Found a blossoming altar of Fedhas.
  1528 | D:2      | Found a burning altar of Makhleb.
  1627 | D:2      | Found a sparkling altar of Nemelex Xobeh.
  1627 | D:2      | Found a bloodstained altar of Trog.
  1749 | D:2      | Reached XP level 4. HP: 33/33 MP: 0/7
  1890 | D:2      | Found a shimmering altar of Xom.
  2488 | D:3      | Reached XP level 5. HP: 38/38 MP: 0/8
  2534 | D:3      | Noticed Gargoyl's ghost (amateur DsAK)
  2612 | D:3      | Killed Gargoyl's ghost
  2616 | D:3      | Learned a level 2 spell: Swiftness
  3006 | D:3      | Reached XP level 6. HP: 41/45 MP: 0/9
  3829 | D:4      | Reached skill level 5 in Conjurations
  3936 | D:4      | Reached skill level 5 in Air Magic
  4130 | D:4      | Your scales start taking on a weird mottled colour.
  4130 | D:4      | Reached XP level 7. HP: 42/50 MP: 7/10
  4285 | D:4      | Found an iron altar of Okawaru.
  4623 | D:5      | Entered Level 5 of the Dungeon
  4888 | D:5      | Reached skill level 6 in Conjurations
  5653 | D:6      | Reached XP level 8. HP: 28/57 MP: 11/11
  5696 | D:6      | HP: 2/57 [ice beast (14)]
  5700 | D:6      | Mangled by an ice beast

Action                   |  1- 3 |  4- 6 |  7- 9 || total
-------------------------+-------+-------+-------++-------
Melee: Unarmed           |     6 |       |       ||     6
       Whip              |     6 |       |       ||     6
       Spear             |       |    44 |   164 ||   208
 Cast: Shock             |    80 |   119 |    12 ||   211
  Use: Scroll            |       |       |    13 ||    13
       Potion            |       |       |     7 ||     7
 Stab: Sleeping          |       |       |     2 ||     2
       Petrifying        |       |       |     1 ||     1
  Eat: Chunk             |     4 |     9 |     1 ||    14
       Bread ration      |       |       |     1 ||     1
